 Dungeon Crawl Stone Soup version 0.30-a0-223-gcb0039aa0c (webtiles) character file.

Game seed: 11168511207804726414

2031 heikuro the Blocker (level 9, -4/71 HPs)
             Began as a Formicid Fighter on Oct 9, 2022.
             Was a Priest of Wu Jian.
             Killed from afar by a gargoyle (12 damage)
             ... with a stone arrow
             ... on level 9 of the Dungeon.
             The game lasted 00:20:42 (5354 turns).

heikuro the Blocker (Formicid Fighter)              Turns: 5354, Time: 00:20:43

Health: -4/71      AC: 13    Str: 26    XL:     9   Next: 47%
Magic:  9/9        EV:  8    Int:  7    God:    Wu Jian [***...]
Gold:   402        SH:  6    Dex: 13    Spells: 8/8 levels left

rFire   . . .      SeeInvis +    a - +0 flail
rCold   . . .      Faith    .    c - +0 buckler
rNeg    + . .      Spirit   .    s - +0 chain mail
rPois   .          Reflect  .    (helmet unavailable)
rElec   .          Harm     .    e - +0 cloak
rCorr   .          Rampage  .    l - +0 pair of gloves
Will    .....                    (no boots)
Stlth   ..........               i - amulet of regeneration
HPRegen 1.11/turn                o - ring of positive energy
MPRegen 0.11/turn                (no ring)

@: no status effects
A: permanent stasis, dig shafts and tunnels, antennae 3, four strong arms
a: Dig, Shaft Self, Renounce Religion, Wall Jump, Serpent's Lash


You were on level 9 of the Dungeon.
You worshipped Wu Jian.
Wu Jian was most pleased with you.
You visited 2 branches of the dungeon, and saw 9 of its levels.
You also visited: Ossuary.

You collected 402 gold pieces.

Inventory:

Hand Weapons
 a - a +0 flail (weapon)
Missiles
 h - 6 poisoned darts (quivered)
Armour
 c - a +0 buckler (worn)
 e - a +0 cloak (worn)
 l - a +0 pair of gloves (worn)
 s - a +0 chain mail (worn)
Jewellery
 i - an amulet of regeneration (around neck)
 o - a ring of positive energy (left hand)
Wands
 p - a wand of charming (6)
 q - a wand of roots (15)
 v - a wand of flame (18)
 w - a wand of mindburst (5)
Scrolls
 g - a scroll of enchant weapon {unknown}
 k - a scroll of poison
 m - a scroll of acquirement {unknown}
 n - 3 scrolls of fear
 r - a scroll of brand weapon {unknown}
 x - 3 scrolls of noise {unknown}
 y - a scroll of magic mapping {unknown}
 C - a scroll of fog {unknown}
Potions
 b - a potion of invisibility {unknown}
 d - a potion of heal wounds
 f - 3 potions of curing
 j - 3 potions of lignification
 t - a potion of attraction
 u - a potion of ambrosia {unknown}
 z - 2 potions of mutation
 A - a potion of flight {unknown}
 B - a potion of might


   Skills:
 + Level 6.8 Fighting
 * Level 6.7 Maces & Flails
 + Level 6.8 Armour
 + Level 8.2 Shields
 + Level 2.7 Evocations


You had 8 spell levels left.
You didn't know any spells.
Your spell library contained the following spells:

 Spells                   Type           Power      Damage    Failure   Level
 Apportation              Tloc           0%         N/A       96%         1
 Necrotise                Necr           0%         1d4       96%         1
 Summon Small Mammal      Summ           0%         N/A       96%         1
 Cigotuvi's Dreadful Rot  Necr/Pois/Air  0%         N/A       99%         2
 Poisonous Vapours        Pois/Air       0%         N/A       99%         2
 Mephitic Cloud           Conj/Pois/Air  0%         N/A       100%        3
 Vampiric Draining        Necr           0%         2d6       100%        3
 Agony                    Necr           0%         N/A       100%        5


Dungeon Overview and Level Annotations

Branches:
Dungeon (7/15)             Temple (1/1) D:5         Ossuary (visited)

Altars:
Ashenzari
Dithmenos
Elyvilon
Fedhas
Gozag
Hepliaklqana
Kikubaaqudgha
Makhleb
Okawaru
Ru
Sif Muna
Trog
Uskayaw
Wu Jian
Xom
Yredelemnul
Zin
The Shining One

Shops:
D:4 **[


Innate Abilities, Weirdness & Mutations

You cannot be hasted, slowed, berserked, paralysed or teleported.
You can dig through walls and to a lower floor.
You have a pair of large antennae on your head. (SInv)
Your four strong arms can wield two-handed weapons with a shield.


Message History

The steam dragon is severely wounded.
You spin to attack the gargoyle, but your attack speed is too slow for a blow to land.
The gargoyle hits you with a +0 mace. The steam dragon bites you.
The steam dragon claws you but does no damage.
Unknown command.
You spin and attack the steam dragon.
You sock the steam dragon!
You kill the steam dragon!
The Council accepts your kill.
You spin and attack the gargoyle.
You sock the gargoyle!
The gargoyle is moderately damaged.
You block the gargoyle's attack.
Unknown command.
You spin and attack the gargoyle.
You hit the gargoyle but do no damage.
The gargoyle is moderately damaged.
The gargoyle hits you with a +0 mace!
Unknown command.
You barely miss the gargoyle.
The gargoyle is moderately damaged.
The gargoyle hits you but does no damage.
The gargoyle hits you with a +0 mace!
* * * LOW HITPOINT WARNING * * *
You hit the gargoyle but do no damage.
The gargoyle is moderately damaged.
The gargoyle hits you but does no damage.
You barely miss the gargoyle.
The gargoyle is moderately damaged.
The gargoyle hits you with a +0 mace.
* * * LOW HITPOINT WARNING * * *
You hit the gargoyle but do no damage.
The gargoyle is moderately damaged.
The gargoyle hits you with a +0 mace!
* * * LOW HITPOINT WARNING * * *
You hit the gargoyle but do no damage.
The gargoyle is moderately damaged.
You block the gargoyle's attack.
You sock the gargoyle!
The gargoyle is severely damaged.
The gargoyle hurls a stone arrow at you.
The stone arrow hits you!
You die...

#......##### ..
#...(..#.... ...
#......#.... ....
#......#....
....#####+####......##)##
.......................).
.....................>.).
.........................
.....>..@###############.
#######.9# #. #..# #.
#..# #. #..# #. #... #.
#... #....


You could see a gargoyle.

Vanquished Creatures
  A steam dragon (D:9)
  A water moccasin (D:5)
  2 ice beasts
  An orc warrior (D:9)
  3 ogres
  A kobold brigand (D:6)
  5 scorpions
  A water moccasin zombie (Ossuary)
  A wight (Ossuary)
  5 centaur zombies (Ossuary)
  A bullfrog zombie (Ossuary)
  3 hounds
  An orc priest (D:4)
  A jelly (D:5)
  Ijyb (D:4)
  2 iguanas
  4 orc wizards
  An ogre zombie (Ossuary)
  Robin (D:3)
  8 adders
  A white imp (D:6)
  2 ufetubi (D:4)
  3 worms
  3 adder zombies (Ossuary)
  3 dart slugs
  16 orcs
  5 endoplasms
  4 giant cockroaches
  14 goblins
  8 hobgoblins
  7 jackals (D:3)
  4 quokkas
  9 ball pythons
  10 bats
  7 frilled lizards
  5 gnoll zombies (Ossuary)
  6 goblin zombies (Ossuary)
  14 kobolds
  7 orc zombies (Ossuary)
  4 rats
176 creatures vanquished.

Vanquished Creatures (others)
  23 plants (D:4)
23 creatures vanquished.

Grand Total: 199 creatures vanquished

Notes
Turn   | Place    | Note
-------+----------+-------------------------------------------
     0 | D:1      | heikuro the Formicid Fighter began the quest for the Orb.
     0 | D:1      | Reached XP level 1. HP: 18/18 MP: 1/1
    82 | D:1      | Reached XP level 2. HP: 24/24 MP: 2/2
   363 | D:1      | Reached XP level 3. HP: 29/29 MP: 3/3
   647 | D:2      | Found a glowing silver altar of Zin.
   799 | D:2      | Reached XP level 4. HP: 37/37 MP: 4/4
   968 | D:2      | You fall into a shaft and drop 2 floors!
  1195 | D:3      | Reached XP level 5. HP: 30/42 MP: 5/5
  1200 | D:3      | Reached skill level 5 in Shields
  1485 | D:3      | Noticed Robin
  1495 | D:3      | Killed Robin
  1560 | D:3      | Found a faded altar of an unknown god.
  1580 | D:3      | Prayed at the altar of an unknown god.
  1580 | D:3      | Became a worshipper of the Wu Jian Council
  1580 | D:3      | Reached * piety under Wu Jian
  1647 | D:3      | Found a burning altar of Makhleb.
  2073 | D:4      | Found Nuinubbill's Antique Armour Emporium.
  2119 | D:4      | Found Berasouh's Assorted Antiques.
  2125 | D:4      | Noticed an ogre
  2139 | D:4      | Killed an ogre
  2140 | D:4      | Reached XP level 6. HP: 46/49 MP: 6/6
  2171 | D:4      | Found Husmounu's Assorted Antiques.
  2400 | D:4      | Reached ** piety under Wu Jian
  2666 | D:4      | You fall into a shaft and drop 2 floors!
  2856 | D:5      | Entered Level 5 of the Dungeon
  2920 | D:5      | Reached skill level 5 in Armour
  2920 | D:5      | Reached skill level 6 in Shields
  2920 | D:5      | Reached XP level 7. HP: 38/55 MP: 7/7
  2962 | D:4      | Noticed Ijyb
  2967 | D:4      | Killed Ijyb
  2968 | D:4      | Reached skill level 5 in Fighting
  3036 | D:4      | Found a shimmering blue altar of Sif Muna.
  3174 | D:4      | Found an iron altar of Okawaru.
  3205 | D:4      | You fall into a shaft and drop 2 floors!
  3642 | D:5      | Noticed a water moccasin
  3675 | D:4      | Reached XP level 8. HP: 20/63 MP: 8/8
  3807 | D:5      | Found a staircase to the Ecumenical Temple.
  3813 | D:5      | Reached skill level 7 in Shields
  3833 | Temple   | Entered the Ecumenical Temple
  4193 | D:6      | Reached skill level 5 in Maces & Flails
  4645 | D:6      | Reached skill level 1 in Evocations
  4764 | D:7      | Found a sacrificial altar of Ru.
  4847 | D:7      | Reached XP level 9. HP: 70/70 MP: 9/9
  4895 | D:7      | Found a sand-covered staircase.
  4901 | Ossuary  | Entered an ossuary
  4930 | Ossuary  | Reached *** piety under Wu Jian
  5074 | Ossuary  | Reached skill level 8 in Shields
  5128 | Ossuary  | Noticed a silent spectre
  5252 | D:7      | You fall into a shaft and drop 2 floors!
  5341 | D:9      | Noticed a gargoyle
  5354 | D:9      | Killed from afar by a gargoyle

Illustrated notes

Levels and vault maps discovered:
D:1:      dpeg_arrival_windows_large_door, layout_rooms, minmay_misc_feat_rows
D:2:      layout_basic, basic_altar, uniq_crazy_yiuf_cottage
D:3:      layout_loops_ring, lightli_temple_of_fire,
          hellmonk_ecumenical_altar_dog_temple, uniq_robin
D:4:      layout_cave_pods, mainiacjoe_overflow_chevrons, lemuel_doored_altar,
          serial_shops, nicolae_shop_overgrown_old_shop,
          nicolae_shop_overgrown_old_shop, nicolae_shop_overgrown_old_shop,
          uniq_ijyb
D:5:      layout_cave_pools, minmay_temple_entry_crystal_x
D:6:      layout_loops_cross
D:7:      lemuel_insect_pit, layout_rooms, vehumet_statue,
          mainiacjoe_overflow_concentric_impassable, nicolae_ossuary_entry_plus
D:9:      layout_irregular_city, overflow_temple_1_default, minivault_8
Temple:   cyrus_circular_temple

Skill      XL: |  1  2  3  4  5  6  7  8  9 |
---------------+----------------------------+-----
Armour         | 4 5 6 |  6.8
Fighting       | 4 5 6 |  6.8
Shields        | 5 6 7 8 |  8.2
Maces & Flails | 3 4 5 6 |  6.7
Evocations     | 1 2 |  2.7

Action                   |  1- 3 |  4- 6 |  7- 9 || total
-------------------------+-------+-------+-------++-------
Melee: Flail             |   124 |   242 |   425 ||   791
Throw: Dart              |       |     1 |     8 ||     9
Invok: Whirlwind         |       |    82 |   196 ||   278
       Lunge             |       |     7 |     7 ||    14
 Abil: Shaft Self        |       |     1 |     2 ||     3
       Wall Jump         |       |       |    16 ||    16
  Use: Scroll            |       |     1 |     9 ||    10
       Potion            |       |     1 |       ||     1
Armor: Scale mail        |    58 |   156 |    23 ||   237
       Chain mail        |       |       |   193 ||   193
Dodge: Dodged            |    72 |   118 |   148 ||   338
Block: Buckler           |    32 |    55 |   124 ||   211

Table legend: (Time is in decaauts)
 A = Elapsed time spent in this place.
 B = Non-inter-level travel time spent in this place.
 C = Inter-level travel time spent in this place.
 D = Time resting spent in this place.
 E = Time spent auto-exploring this place.
 F = Levels seen in this place.
 G = Mean time per level.
                   A        B        C        D        E       F      G
               +--------+--------+--------+--------+--------+-----+--------+
         Total |   5490 |   5371 |    119 |    529 |   2209 |  10 |  549.0 |
       Dungeon |   5138 |   5027 |    111 |    516 |   2167 |   8 |  642.2 |
        Temple |     59 |     51 |      8 |      0 |     42 |   1 |   59.0 |
       Ossuary |    292 |    292 |      0 |     13 |      0 |   1 |  292.0 |
               +--------+--------+--------+--------+--------+-----+--------+

Top non-repeatable levels by time:
     D:4: 1261 daAuts
     D:3: 1088 daAuts
     D:6: 797 daAuts
     D:5: 632 daAuts
     D:1: 619 daAuts
     D:2: 390 daAuts
 Ossuary: 292 daAuts
     D:7: 244 daAuts
     D:9: 104 daAuts
  Temple: 59 daAuts
